 Dungeon Crawl Stone Soup version 0.32-a0-913-g739538afd8 (webtiles) character file.

Game seed: 16234038851379989627

13288 Zonian the Fighter (level 12, -6/80 HPs)
             Began as a Gargoyle Gladiator on Apr 8, 2024.
             Was a High Priest of Okawaru.
             Mangled by a dire elephant simulacrum (21 damage)
             ... on level 2 of the Lair of Beasts.
             The game lasted 00:26:58 (9259 turns).

Zonian the Fighter (Gargoyle Gladiator)             Turns: 9259, Time: 00:26:58

Health: -6/80      AC: 23    Str: 30    XL:     12   Next: 4%
Magic:  11/12      EV: 10    Int:  9    God:    Okawaru [*****.]
Gold:   566        SH:  4    Dex: 13    Spells: 11/11 levels left

rFire   . . .        y - +6 hand axe of Wyurat {flame, +Blink Stlth+, axe}
rCold   + + .        B - +0 buckler
rNeg    + . .        C - +4 scale mail {rPois}
rPois   ∞            c - +0 helmet
rElec   +            g - +0 cloak
rCorr   +            m - +1 pair of gloves {Str+3}
SInv    .            l - +0 pair of boots
Will    .....        (no amulet)
Stlth   ++++         P - ring of ice
HPRegen 0.33/turn    o - +6 ring of strength
MPRegen 0.13/turn

%: no passive effects
@: resistant, invisible
A: sickness immunity, AC +8, negative energy resistance 1, electricity
resistance, torment resistance 1, petrification resistance
a: Renounce Religion, Evoke Blink, Heroism, Finesse, Duel


You were on level 2 of the Lair of Beasts.
You worshipped Okawaru.
Okawaru was extremely pleased with you.
You visited 3 branches of the dungeon, and saw 11 of its levels.
You also visited: Sewer.

You collected 566 gold pieces.


Innate Abilities, Weirdness & Mutations

You are immune to sickness and miasma.
Your stone body is resilient. (AC +8)
You are immune to poison.
You resist negative energy. (rN+)
You are resistant to electric shocks. (rElec)
You are resistant to unholy torment.
You are immune to petrification.


   Skills:
 + Level 11.1 Fighting
 + Level 7.7(8.5) Axes
 - Level 5.8(8.0) Maces & Flails
 - Level 2.4 Throwing
 - Level 2.8 Dodging
 + Level 10.1 Stealth
 - Level 4.0 Shields
 + Level 7.8 Evocations


You had 11 spell levels left.
You didn't know any spells.
Your spell library contained the following spells:

 Spells                   Type           Power      Damage    Failure   Level
 Freeze                   Ice            0%         1d3       71%         1
 Kiss of Death            Conj/Necr      0%         2d5       71%         1
 Passwall                 Erth           0%         N/A       97%         3
 Volatile Blastmotes      Fire/Tloc      0%         2d10      97%         3
 Vhi's Electric Charge    Tloc/Air       0%         N/A       100%        4
 Bombard                  Conj/Erth      0%         9d1       100%        6
 Cigotuvi's Dreadful Rot  Necr/Alch/Air  Unusable   N/A       N/A         2

Inventory:

Hand Weapons
 a - a +1 flail {mace}
 s - a +2 short sword of flaming {short}
   (You found it on level 2 of the Dungeon)
 w - a +0 dagger of venom {short}
   (You took it off an orc on level 3 of the Dungeon)
 y - the +6 hand axe of Wyurat (weapon) {flame, +Blink Stlth+, axe}
   (You found it on level 4 of the Dungeon)

   +Blink:    It lets you blink.
   Stlth+:    It makes you more stealthy.
 z - a +0 broad axe {axe}
   (You found it on level 4 of the Dungeon)
 D - a +0 short sword of venom {short}
   (You took it off a kobold brigand on level 7 of the Dungeon)
 E - a +1 flail of protection {mace}
   (You took it off an orc on level 6 of the Dungeon)
 R - a +0 scimitar of flaming {long}
   (You took it off Erica on level 2 of the Lair of Beasts)
Missiles
 d - 3 throwing nets (quivered) {=f!fthrowing}
 e - a javelin {throwing}
 F - 19 poisoned darts {throwing}
 O - 2 boomerangs {throwing}
 Q - a silver javelin {throwing}
Armour
 b - a +0 leather armour
 c - a +0 helmet (worn)
 g - a +0 cloak (worn)
   (You found it on level 4 of the Dungeon)
 l - a +0 pair of boots (worn)
   (You found it on level 1 of the Dungeon)
 m - a +1 pair of gloves of strength (worn)
   (You found it on level 2 of the Dungeon)
 B - a +0 buckler (worn)
   (You found it in a sewer)
 C - a +4 scale mail of poison resistance (worn)
   (You found it in a sewer)
 K - a +1 helmet
   (You found it on level 8 of the Dungeon)
Jewellery
 h - a +5 ring of evasion
   (You found it on level 1 of the Dungeon)
 o - a +6 ring of strength (right hand)
   (You found it on level 2 of the Dungeon)
 M - a +6 ring of intelligence
   (You found it on level 8 of the Dungeon)
 P - a ring of ice (left hand)
   (You took it off Erica on level 2 of the Lair of Beasts)
Wands
 n - a wand of paralysis (21)
   (You found it on level 2 of the Dungeon)
 q - a wand of flame (24)
   (You found it on level 2 of the Dungeon)
 G - a wand of quicksilver (5)
   (You found it on level 6 of the Dungeon)
Scrolls
 j - 2 scrolls of enchant weapon
 u - a scroll of fear
 x - 4 scrolls of teleportation {@r4}
 A - 3 scrolls of immolation {!r!r}
 H - 3 scrolls of fog
 I - 2 scrolls of revelation
 S - a scroll of amnesia {unknown}
 T - a scroll of silence {unknown}
 U - a scroll of blinking {!r}
Potions
 f - 3 potions of lignification {!q}
 i - a potion of magic
 k - 3 potions of degeneration {!q@e2}
 p - 5 potions of curing {@q1}
 r - a potion of enlightenment {unknown}
 t - 3 potions of cancellation
 v - a potion of resistance
 J - 7 potions of ambrosia
 L - a potion of haste {unknown}
 N - 2 potions of invisibility

Dungeon Overview and Level Annotations

Branches:
Dungeon (8/15) Zot: 26240  Temple (1/1) D:4 Zot: 5981    Lair (2/5) D:8 Zot: 9444
  Swamp (0/4) Lair:2        Sewer (visited)
  Snake: Lair:2-3    Spider: Lair:2-3

Altars:
Elyvilon
Kikubaaqudgha
Makhleb
Nemelex Xobeh
Okawaru
Qazlal
Sif Muna
Trog
Uskayaw
Vehumet
Xom
Yredelemnul
The Shining One

Shops:
D:1 (   D:4 *

Annotations:
D:6 2 transporters, EvilEddieB's ghost, novice DsNe
D:8 Grum
Lair:2 1 transporter

##.# #[..#####.#######
#### #...............##
...## ##############.#.#
P.#.# #○°Z○.############
....####°○☼°.#.°°°☼○###.#
...##P##○°☼°○#°°☼☼°°#...#
P...#..#??☼°○°.#.#☼°#...#
......©#©)°○☼○(Z○©☼°#©..#
.......#?[○.°'.#@#..#...#
....#.##○☼°..#○°☼○○°###.#
....####..○○°#°°☼☼☼°# #.#
...## #°°...##########.#
#..########### ###...#
.....÷.....# #.....#
##.........# #.#...#
##.#÷##...## #.....#
#..#.##..# ##.#.#.##


You could see a dire elephant simulacrum (unable to see you) and a steam dragon
simulacrum (wandering, unable to see you).


Message History

You hit the dire elephant simulacrum but do no damage.
The anaconda simulacrum bites you. The anaconda simulacrum freezes you.
You resist.
The anaconda simulacrum constricts you. 😕 HP[-10]
You take 10 damage, and now have 63/74 hp.
Unknown command.
You barely miss the anaconda simulacrum.
You hit the dire elephant simulacrum but do no damage. x2
You block the anaconda simulacrum's attack.
The anaconda simulacrum constricts you.
The dire elephant simulacrum tramples you.
You are held in place!
The dire elephant simulacrum trunk-slaps you but does no damage. 😕 HP[-4]
You take 4 damage, and now have 59/74 hp.
Unknown command.
You slash the anaconda simulacrum!
You melt the anaconda simulacrum.
Okawaru accepts your kill. Okawaru grants you throwing weapons!
Something appears at your feet!
You hit the dire elephant simulacrum.
You melt the dire elephant simulacrum.
You hit the dire elephant simulacrum but do no damage.
The dire elephant simulacrum tramples you!
You hold your ground!
The dire elephant simulacrum trunk-slaps you.
The dire elephant simulacrum freezes you.
You resist.
You have reached level 12!
You feel clever. 😮 HP[-14]
You now have 80 max hp (+6).
You take 14 damage, and now have 45/80 hp.
You fail to use your ability.
The dire elephant simulacrum tramples you but does no damage.
The dire elephant simulacrum trunk-slaps you but does no damage.
You block the dire elephant simulacrum's attack.
The dire elephant simulacrum trunk-slaps you!
* * * LOW HITPOINT WARNING * * *
The dire elephant simulacrum freezes you!
You resist.
* * * LOW HITPOINT WARNING * * *
😨 HP[-18]
You take 18 damage, and now have 27/80 hp.
MASSIVE DAMAGE!! (PAUSE)
Okay, then.
You fade into invisibility!
The dire elephant simulacrum barely misses you. x2
The five-headed hydra simulacrum bites you but does no damage. x2
The five-headed hydra simulacrum barely misses you.
The five-headed hydra simulacrum bites you but does no damage.
The five-headed hydra simulacrum barely misses you. 😨 HP[+1] 😨 MP[+1] Unknown command.
Unknown command.
You catch the helpless dire elephant simulacrum completely off-guard!
You slash the dire elephant simulacrum!
You melt the dire elephant simulacrum.
You feel like a meek peon again. 😨 HP[+1] Unknown command.
You catch the helpless dire elephant simulacrum completely off-guard!
You slash the dire elephant simulacrum!
You melt the dire elephant simulacrum!
The dire elephant simulacrum barely misses you.
The dire elephant simulacrum trunk-slaps you but does no damage.
Unknown command.
You hit the dire elephant simulacrum but do no damage.
Unknown command.
You catch the helpless dire elephant simulacrum completely off-guard!
You hit the dire elephant simulacrum but do no damage.
You strike the helpless dire elephant simulacrum from behind!
You hit the dire elephant simulacrum but do no damage.
Unknown command.
You hit the dire elephant simulacrum but do no damage.
You hit the dire elephant simulacrum.
You melt the dire elephant simulacrum.
The dire elephant simulacrum tramples you!
* * * LOW HITPOINT WARNING * * *
You stumble backwards! 😱 HP[-15]
You take 15 damage, and now have 14/80 hp.
You slash the dire elephant simulacrum!
You melt the dire elephant simulacrum.
Okawaru accepts your kill.
You slice one of the five-headed hydra simulacrum's heads off!
You slash the four-headed hydra simulacrum!
You melt the four-headed hydra simulacrum!
Unknown command.
You hack one of the four-headed hydra simulacrum's heads off!
You slash the three-headed hydra simulacrum!
You melt the three-headed hydra simulacrum!
Okawaru accepts your kill.
You hit the dire elephant simulacrum.
You melt the dire elephant simulacrum. 😱 MP[+1] Unknown command.
You catch the helpless dire elephant simulacrum completely off-guard!
You hit the dire elephant simulacrum but do no damage. 😱 HP[+1] Unknown command.
You catch the helpless dire elephant simulacrum completely off-guard!
You slash the dire elephant simulacrum!
You melt the dire elephant simulacrum.
The dire elephant simulacrum tramples you!!
You die...

Skill      XL: |  1  2  3  4  5  6  7  8  9 10 11 |
---------------+----------------------------------+-----
Throwing       | 2 |  2.4
Fighting       | 3 5 6 7 8 9 11 | 11.1
Maces & Flails | 5 |  5.8
Stealth        | 2 4 6 8 10 | 10.1
Axes           | 1 3 4 6 7 |  7.7
Evocations     | 1 3 4 6 7 |  7.8
Shields        | 2 4 |  4.0
Dodging        | |  2.8

Action                     |  1- 3 |  4- 6 |  7- 9 | 10-12 || total
---------------------------+-------+-------+-------+-------++-------
  Melee: Flail             |   159 |   122 |    22 |       ||   303
         Hand axe          |       |       |   297 |   375 ||   672
  Throw: Javelin           |       |     1 |       |       ||     1
 Invoke: Heroism           |       |       |       |     4 ||     4
  Evoke: Wand              |       |     3 |     1 |     2 ||     6
    Use: Scroll            |       |     8 |     9 |     3 ||    20
         Potion            |       |       |       |     3 ||     3
   Stab: Paralysed         |       |    10 |     2 |       ||    12
         Sleeping          |       |       |     7 |     3 ||    10
         Invisible         |       |       |       |     6 ||     6
 Armour: Leather armour    |   109 |    63 |    40 |       ||   212
         Scale mail        |       |       |   103 |   202 ||   305
  Dodge: Dodged            |   193 |   108 |   297 |   287 ||   885
  Block: Buckler           |       |       |    43 |    74 ||   117

Levels and vault maps discovered:
D:1:      arrival_aquarium_a, layout_basic, serial_shops, shop, chequers_avenue
D:2:      layout_loops_cross, nicolae_ecumenical_snake_handling,
          kennysheep_generic_room_11, uniq_terence
D:3:      layout_loops_ring, uniq_grinder
D:4:      layout_rooms, tgw_trog, minmay_temple_entry_proselytizer,
          nicolae_shop_gadgets
D:5:      layout_rooms, overflow_temple_1_default,
          mainiacjoe_sewer_entry_somewhere_in_here_1
D:6:      layout_gridville, mainiacjoe_overflow_cross_hatched,
          gammafunk_ghost_gnarly_gnolls
D:7:      layout_gridville, serial_library_hellmonk_statue_hall
D:8:      layout_loops_ring, minitemple, gammafunk_temple_overflow_statue,
          due_lair_maze_entry_diamond, uniq_grum
Temple:   nicolae_temple_bog_church
Lair:1:   layout_loops_ring, wad_woods_road_05
Lair:2:   gammafunk_cloud_chamber, layout_loops_ring, swamp_mist, basic_altar,
          special_room [special_room_bee], minivault_25, wad_woods_03,
          uniq_erica

Notes
Turn   | Place    | Note
-------+----------+-------------------------------------------
     0 | D:1      | Zonian the Gargoyle Gladiator began the quest for the Orb.
     0 | D:1      | Reached XP level 1. HP: 12/12 MP: 1/1
     0 | D:1      | magus.rc [v1.9.6]
     1 | D:1      | Noticed an electric eel
    17 | D:1      | You pick up a book of Movement and begin reading...
    17 | D:1      | You add the spells Passwall, Volatile Blastmotes, Vhi's
                  | Electric Charge and Bombard to your library.
   142 | D:1      | Found Utobrim's Weapon Shoppe.
   253 | D:1      | Reached XP level 2. HP: 14/18 MP: 2/2
   262 | D:1      | Reached skill level 2 in Throwing
   828 | D:1      | Reached XP level 3. HP: 22/22 MP: 3/3
  1196 | D:2      | Found a faded altar of an unknown god.
  1216 | D:2      | Reached skill level 3 in Fighting
  1216 | D:2      | Reached XP level 4. HP: 24/28 MP: 4/4
  1562 | D:2      | Noticed Terence
  1571 | D:2      | Killed Terence
  1627 | D:3      | Reached XP level 5. HP: 32/32 MP: 5/5
  1667 | D:3      | Reached skill level 4 in Maces & Flails
  1908 | D:3      | Noticed Grinder
  1927 | D:3      | Paralysed by Grinder for 2 turns
  1934 | D:3      | Killed Grinder
  1935 | D:3      | Reached skill level 5 in Fighting
  1935 | D:3      | Reached skill level 5 in Maces & Flails
  1935 | D:3      | Reached XP level 6. HP: 17/40 MP: 6/6
  2549 | D:4      | Noticed a wyvern
  2564 | D:3      | HP: 3/40 [wyvern (15)]
  2646 | D:3      | Killed a wyvern
  2647 | D:3      | Reached XP level 7. HP: 28/45 MP: 7/7
  2839 | D:4      | Found Lagas's Gadget Gallery.
  2857 | D:4      | You add the spells Kiss of Death and Freeze to your
                  | library.
  2857 | D:4      | Got the Book of Hypothermic Sciomancy
  2960 | D:4      | magus.rc [v1.9.6]
  3117 | D:4      | Found a staircase to the Ecumenical Temple.
  3127 | Temple   | Entered the Ecumenical Temple
  3139 | Temple   | Became a worshipper of Warmaster Okawaru
  3241 | D:4      | Noticed a moth of wrath
  3244 | D:4      | Found a bloodstained altar of Trog.
  3278 | D:4      | Identified the +6 hand axe of Wyurat {flame, +Blink Stlth+}
  3313 | D:5      | Entered Level 5 of the Dungeon
  3345 | D:5      | Reached skill level 6 in Fighting
  3421 | D:5      | Reached skill level 1 in Stealth
  3431 | D:5      | Reached skill level 1 in Axes
  3431 | D:5      | Reached skill level 1 in Evocations
  3440 | D:5      | Found a glowing drain.
  3445 | Sewer    | Entered a sewer
  3569 | Sewer    | Reached skill level 2 in Stealth
  3599 | Sewer    | Reached XP level 8. HP: 52/52 MP: 8/8
  3756 | D:5      | Reached skill level 2 in Evocations
  3760 | D:5      | Reached skill level 2 in Axes
  3769 | D:5      | Found a sparkling altar of Nemelex Xobeh.
  3787 | D:5      | Reached skill level 3 in Stealth
  4018 | D:5      | Reached * piety under Okawaru
  4274 | D:6      | Reached skill level 7 in Fighting
  4393 | D:6      | Found a transporter.
  4397 | D:6      | Identified the +0 buckler of Tollep {Rampage Fly rN+ Dex+2}
  4442 | D:6      | Found a radiant altar of Vehumet.
  4458 | D:6      | Reached skill level 3 in Axes
  4458 | D:6      | Reached skill level 4 in Stealth
  4458 | D:6      | Reached skill level 3 in Evocations
  4570 | D:6      | Reached XP level 9. HP: 57/57 MP: 9/9
  4714 | D:6      | Reached ** piety under Okawaru
  4729 | D:6      | Found a transporter.
  4735 | D:6      | Noticed EvilEddieB's ghost (novice DsNe)
  4930 | D:7      | Reached skill level 5 in Stealth
  5023 | D:7      | Reached skill level 4 in Evocations
  5059 | D:7      | Reached skill level 4 in Axes
  5066 | D:7      | Reached skill level 8 in Fighting
  5162 | D:7      | Reached skill level 1 in Shields
  5331 | D:7      | Reached skill level 2 in Shields
  5505 | D:7      | Reached *** piety under Okawaru
  5627 | D:7      | Reached skill level 6 in Stealth
  6029 | D:8      | Reached XP level 10. HP: 54/65 MP: 10/10
  6034 | D:8      | Reached skill level 3 in Shields
  6080 | D:8      | Reached skill level 5 in Evocations
  6086 | D:8      | Reached skill level 5 in Axes
  6092 | D:8      | Reached **** piety under Okawaru
  6187 | D:8      | Reached skill level 9 in Fighting
  6187 | D:8      | Reached skill level 7 in Stealth
  6187 | D:8      | Reached skill level 4 in Shields
  6249 | D:8      | Found a staircase to the Lair.
  6334 | D:8      | Reached ***** piety under Okawaru
  6404 | D:8      | Noticed Grum
  6698 | Lair:1   | Entered Level 1 of the Lair of Beasts
  6712 | Lair:1   | Noticed a cane toad
  6723 | Lair:1   | Killed a cane toad
  6724 | Lair:1   | Reached skill level 6 in Evocations
  6790 | Lair:1   | Received a gift from Okawaru
  6791 | Lair:1   | Reached skill level 6 in Axes
  6791 | Lair:1   | Reached skill level 8 in Stealth
  6910 | Lair:1   | Reached XP level 11. HP: 68/72 MP: 11/11
  6942 | Lair:1   | Reached skill level 10 in Fighting
  7063 | Lair:1   | You fall into a shaft and drop 1 floor!
  7064 | Lair:2   | Noticed Erica
  7856 | Lair:2   | Killed Erica
  7856 | Lair:2   | Received a gift from Okawaru
  7857 | Lair:2   | Reached skill level 9 in Stealth
  7918 | Lair:2   | HP: 8/73 [blink frog (11)]
  7923 | Lair:2   | Reached skill level 7 in Evocations
  7930 | Lair:2   | Reached skill level 7 in Axes
  8538 | Lair:2   | Found a transporter.
  8584 | Lair:2   | Reached skill level 11 in Fighting
  8596 | Lair:2   | Reached skill level 10 in Stealth
  8694 | Lair:2   | Found a bloodstained altar of Trog.
  8721 | Lair:2   | Found a staircase to the Swamp.
  8952 | Lair:2   | Found a transporter.
  9246 | Lair:2   | Received a gift from Okawaru
  9247 | Lair:2   | Reached XP level 12. HP: 45/80 MP: 9/12
  9255 | Lair:2   | HP: 14/80 [dire elephant simulacrum (16)]
  9259 | Lair:2   | Mangled by a dire elephant simulacrum

Vanquished Creatures
  Erica (Lair:2)
  4 cane toads
  2 komodo dragons (Lair:1)
  A rime drake (Lair:2)
  An anaconda simulacrum (Lair:2)
  A queen bee (Lair:2)
  Grinder (D:3)
  9 blink frogs
  A dire elephant simulacrum (Lair:2)
  A wyvern (D:3)
  14 yaks
  3 steam dragons
  2 basilisks
  A hydra simulacrum (Lair:2)
  7 water moccasins
  An orc warrior (D:6)
  A sky beast (D:7)
  5 black bears
  2 ogres (D:5)
  2 ice beasts
  3 wolves (D:8)
  A centaur (D:7)
  A phantom (D:5)
  A kobold brigand (D:7)
  8 bullfrogs
  2 scorpions
  2 gnoll sergeants
  32 killer bees
  3 howler monkeys
  A bombardier beetle (D:3)
  5 hounds
  A water moccasin simulacrum (Lair:2)
  2 orc priests
  Terence (D:2)
  3 sleepcaps
  5 orc wizards
  3 iguanas (D:5)
  7 gnolls
  13 adders
  A shadow imp (D:5)
  4 ufetubi (D:6)
  9 dart slugs
  2 ribbon worms
  25 orcs
  9 endoplasms
  6 giant cockroaches
  3 goblins
  9 hobgoblins
  8 jackals (D:1)
  6 quokkas
  22 ball pythons
  6 bats
  9 frilled lizards
  10 kobolds
  10 rats
293 creatures vanquished.

Table legend:
 A = Non-vault XP
 B = Vault XP
 C = Vault XP percentage of total XP
 D = Non-vault monster count
 E = Vault monster count
 F = Vault count percentage of total count
                 A         B        C        D         E       F
            +---------+---------+-------+---------+---------+-------
      Total |   13385 |    5598 |  29.5 |     193 |     100 |  34.1
            +---------+---------+-------+---------+---------+-------
        D:1 |      43 |       0 |   0.0 |      26 |       0 |   0.0
        D:2 |      58 |      53 |  47.7 |      20 |       3 |  13.0
        D:3 |     303 |     281 |  48.1 |      18 |       1 |   5.3
        D:4 |      53 |      49 |  48.0 |       6 |       6 |  50.0
        D:5 |     615 |      35 |   5.4 |      17 |       1 |   5.6
        D:6 |     949 |       0 |   0.0 |      28 |       0 |   0.0
        D:7 |    1549 |       0 |   0.0 |      31 |       0 |   0.0
        D:8 |    2085 |    1526 |  42.3 |      16 |      14 |  46.7
     Lair:1 |    3893 |       0 |   0.0 |      15 |       0 |   0.0
     Lair:2 |    3837 |    3406 |  47.0 |      16 |      30 |  65.2
      Sewer |       0 |     248 | 100.0 |       0 |      45 | 100.0
            +---------+---------+-------+---------+---------+-------

Skill      XL: |  1  2  3  4  5  6  7  8  9 10 11 |
---------------+----------------------------------+-----
Throwing       | 2 |  2.4
Fighting       | 3 5 6 7 8 9 11 | 11.1
Maces & Flails | 5 |  5.8
Stealth        | 2 4 6 8 10 | 10.1
Axes           | 1 3 4 6 7 |  7.7
Evocations     | 1 3 4 6 7 |  7.8
Shields        | 2 4 |  4.0
Dodging        | |  2.8

Action                     |  1- 3 |  4- 6 |  7- 9 | 10-12 || total
---------------------------+-------+-------+-------+-------++-------
  Melee: Flail             |   159 |   122 |    22 |       ||   303
         Hand axe          |       |       |   297 |   375 ||   672
  Throw: Javelin           |       |     1 |       |       ||     1
 Invoke: Heroism           |       |       |       |     4 ||     4
  Evoke: Wand              |       |     3 |     1 |     2 ||     6
    Use: Scroll            |       |     8 |     9 |     3 ||    20
         Potion            |       |       |       |     3 ||     3
   Stab: Paralysed         |       |    10 |     2 |       ||    12
         Sleeping          |       |       |     7 |     3 ||    10
         Invisible         |       |       |       |     6 ||     6
 Armour: Leather armour    |   109 |    63 |    40 |       ||   212
         Scale mail        |       |       |   103 |   202 ||   305
  Dodge: Dodged            |   193 |   108 |   297 |   287 ||   885
  Block: Buckler           |       |       |    43 |    74 ||   117

Illustrated notes

Table legend:
 A = Kills in this place as a percentage of kills in the entire game.
 B = Kills by you in this place as a percentage of kills by you in the entire game.
 C = Kills by friends in this place as a percentage of kills by friends in the entire game.
 D = Other kills in this place as a percentage of other kills in the entire game.
 E = Experience gained in this place as a percentage of experience gained in the entire game.
 F = Experience gained in this place divided by the number of levels of this place that you have seen.
                   A       B       C       D       E      F
               +-------+-------+-------+-------+-------+----------------------
         Total | 100.0 | 100.0 |   N/A |   N/A | 100.0 | 1581.9
       Dungeon |  63.8 |  63.8 |   N/A |   N/A |  40.0 | 949.9
          Lair |  20.8 |  20.8 |   N/A |   N/A |  58.7 | 5568.0
         Sewer |  15.4 |  15.4 |   N/A |   N/A |   1.3 | 248.0
               +-------+-------+-------+-------+-------+----------------------

Table legend: (Time is in decaauts)
 A = Elapsed time spent in this place.
 B = Non-inter-level travel time spent in this place.
 C = Inter-level travel time spent in this place.
 D = Time resting spent in this place.
 E = Time spent auto-exploring this place.
 F = Levels seen in this place.
 G = Mean time per level.
                   A        B        C        D        E       F      G
               +--------+--------+--------+--------+--------+-----+--------+
         Total |   9414 |   9271 |    143 |   1043 |   5741 |  12 |  784.5 |
       Dungeon |   6492 |   6389 |    103 |    718 |   4081 |   8 |  811.5 |
        Temple |     18 |     18 |      0 |      0 |      0 |   1 |   18.0 |
          Lair |   2555 |   2515 |     40 |    325 |   1559 |   2 | 1277.5 |
         Sewer |    348 |    348 |      0 |      0 |    101 |   1 |  348.0 |
               +--------+--------+--------+--------+--------+-----+--------+

Top non-repeatable levels by time:
  Lair:2: 1389 daAuts
     D:3: 1193 daAuts
  Lair:1: 1166 daAuts
     D:7: 1022 daAuts
     D:1: 937 daAuts
     D:6: 855 daAuts
     D:8: 759 daAuts
     D:2: 732 daAuts
     D:5: 496 daAuts
     D:4: 494 daAuts
   Sewer: 348 daAuts
  Temple: 18 daAuts
